 Dungeon Crawl Stone Soup version 0.31-a0-588-g14bffd4ff3 (webtiles) character file.

Game seed: 2653734040086878729

37 Descartes the Shield-Bearer (level 3, -5/19 HPs)
             Began as a Vine Stalker Fighter on Aug 19, 2023.
             Slain by Terence
             ... wielding a +0 falchion
              (6 damage)
             ... on level 2 of the Dungeon.
             The game lasted 00:02:51 (1138 turns).

Descartes the Shield-Bearer (Vine Stalker Fighter)  Turns: 1138, Time: 00:02:51

Health: -5/19      AC:  7    Str: 20    XL:     3   Next: 39%
Magic:  0/4        EV:  9    Int:  8    God:
Gold:   126        SH:  4    Dex: 13    Spells: 3/3 levels left

rFire   . . .        g - +4 dagger (vamp)
rCold   . . .        c - +0 buckler
rNeg    . . .        b - +0 scale mail
rPois   .            (no helmet)
rElec   .            (no cloak)
rCorr   .            i - +0 pair of gloves
SInv    .            (no boots)
Will    .....        (no amulet) Stlth
                     (no ring)
HPRegen 0.23/turn    (no ring)
MPRegen 0.09/turn

%: guardian spirit
@: no status effects
A: fangs 2, magic shield, antimagic bite, no potion heal 2
a: no special abilities


You were on level 2 of the Dungeon.
You visited 1 branch of the dungeon, and saw 2 of its levels.

You collected 126 gold pieces.

Inventory:

Hand Weapons
 a - a +0 war axe
 g - a +4 vampiric dagger (weapon)
Armour
 b - a +0 scale mail (worn)
 c - a +0 buckler (worn)
 i - a +0 pair of gloves (worn)
Scrolls
 f - 2 scrolls of poison {unknown}
 k - 3 scrolls of blinking {unknown}
Potions
 d - a potion of might
 e - a potion of degeneration {unknown}
 h - a potion of resistance {unknown}
 j - a potion of brilliance {unknown}
 l - a potion of heal wounds {unknown}
 m - a potion of haste {unknown}


   Skills:
 + Level 2.8 Fighting
 - Level 1.9 Axes
 * Level 2.8 Armour
 * Level 3.1 Shields
 + Level 0.6 Spellcasting
 + Level 0.5 Evocations


You had 3 spell levels left.
You didn't know any spells.
Your spell library contained the following spells:

 Spells                   Type           Power      Damage    Failure   Level
 Freeze                   Ice            0%         1d3       83%         1
 Call Canine Familiar     Summ           0%         N/A       99%         3
 Frozen Ramparts          Ice            0%         1d1       99%         3
 Hailstorm                Conj/Ice       0%         3d3       99%         3
 Portal Projectile        Hex/Tloc       0%         N/A       99%         3
 Leda's Liquefaction      Hex/Erth       0%         N/A       100%        4


Dungeon Overview and Level Annotations

Branches:
Dungeon (2/15)

Altars:

Shops:
D:2 (

Annotations:
D:2 Terence


Innate Abilities, Weirdness & Mutations

You have extremely sharp teeth.
When hurt, damage is shared between your health and your magic reserves.
Your bite disrupts and absorbs the magic of your enemies.
Potions cannot restore your health.


Message History

Terence is lightly wounded.
Terence hits you with a +0 falchion.
You are too injured to fight recklessly!
You are too injured to fight recklessly!
You are too injured to fight recklessly!
You are too injured to fight recklessly!
You are too injured to fight recklessly!
You are too injured to fight recklessly!
You are too injured to fight recklessly!
You are too injured to fight recklessly!
You are too injured to fight recklessly!
You are too injured to fight recklessly!
You are too injured to fight recklessly!
You are too injured to fight recklessly!
You are too injured to fight recklessly!
You are too injured to fight recklessly!
You are too injured to fight recklessly!
You hit Terence but do no damage. Your bite misses Terence.
Terence is lightly wounded.
Terence hits you with a +0 falchion.
You barely miss Terence. You bite Terence. You drain his power.
You feel invigorated.
Terence is moderately wounded.
Terence barely misses you.
You hit Terence but do no damage. You bite Terence. You drain his power.
Terence is heavily wounded.
Terence hits you with a +0 falchion.
* * * LOW HITPOINT WARNING * * *
You hit Terence but do no damage. You bite Terence, but do no damage.
Terence is heavily wounded.
Terence hits you with a +0 falchion.
* * * LOW HITPOINT WARNING * * *
You hit Terence but do no damage. Your bite misses Terence.
Terence is heavily wounded.
Terence hits you with a +0 falchion.
* * * LOW HITPOINT WARNING * * *
You hit Terence. Your bite misses Terence.
Terence is severely wounded.
Terence hits you with a +0 falchion.
You die...

. .### #+## #. ...
#...## #.# ### ##.##
##..<..## ... ..
##...## ##.$.....#
##.###
#.....###.........
##...##
#>.#....'.........
.......
#.....###.@@......
....... ##...##
##.......# ##..###
##.## ##......# #.# #
#.# #...#.# ###.####
#.# #+##.# #.......
#.# #.##.# #.#.####
#.# #.##.# #.#.# #.#
##.##.###.#.#
#.########...#.......#


You could see Terence.

Vanquished Creatures
  A worm (D:2)
  2 dart slugs (D:1)
  2 endoplasms (D:1)
  A giant cockroach (D:1)
  3 goblins
  4 hobgoblins (D:1)
  A quokka (D:1)
  7 ball pythons
  2 frilled lizards (D:2)
  5 kobolds (D:1)
  A rat (D:1)
29 creatures vanquished.

Notes
Turn   | Place    | Note
-------+----------+-------------------------------------------
     0 | D:1      | Descartes the Vine Stalker Fighter began the quest for the
                  | Orb.
     0 | D:1      | Reached XP level 1. HP: 11/11 MP: 2/2
    80 | D:1      | Reached XP level 2. HP: 16/16 MP: 3/3
   451 | D:1      | Reached skill level 3 in Shields
   517 | D:1      | Reached XP level 3. HP: 19/19 MP: 4/4
   910 | D:2      | Found Luufomn's Antique Weapon Emporium.
  1126 | D:2      | Noticed Terence
  1138 | D:2      | Slain by Terence

Illustrated notes

Levels and vault maps discovered:
D:1:      heliophobic_arrival_glass_houses, layout_basic,
          minmay_misc_feat_doors, minmay_misc_feat_square
D:2:      layout_loops_corners, basic_altar, serial_shops, shop,
          minmay_lizard_king, uniq_terence

Skill      XL: |  1  2 |
---------------+-------+-----
Shields        | 3 |  3.1
Fighting       | |  2.8
Axes           | |  1.9
Armour         | |  2.8
Spellcasting   | |  0.6
Evocations     | |  0.5

Action                     || total
---------------------------++-------
  Melee: War axe           ||    31
         Bite              ||    15
         Dagger            ||    38
 Armour: Scale mail        ||    23
  Dodge: Dodged            ||    17
  Block: Buckler           ||    17

Table legend: (Time is in decaauts)
 A = Elapsed time spent in this place.
 B = Non-inter-level travel time spent in this place.
 C = Inter-level travel time spent in this place.
 D = Time resting spent in this place.
 E = Time spent auto-exploring this place.
 F = Levels seen in this place.
 G = Mean time per level.
                   A        B        C        D        E       F      G
               +--------+--------+--------+--------+--------+-----+--------+
         Total |   1152 |   1128 |     24 |      0 |    928 |   2 |  576.0 |
       Dungeon |   1152 |   1128 |     24 |      0 |    928 |   2 |  576.0 |
               +--------+--------+--------+--------+--------+-----+--------+

Top non-repeatable levels by time:
     D:1: 735 daAuts
     D:2: 417 daAuts
